 Dungeon Crawl Stone Soup version 0.21-a0-140-g479285b (webtiles) character file.

327 Gorglomux the Skirmisher (level 6, -4/57 HPs)
             Began as a Hill Orc Wizard on July 21, 2017.
             Slain by an iguana (11 damage)
             ... on level 3 of the Dungeon.
             The game lasted 00:10:09 (4792 turns).

Gorglomux the Skirmisher (Hill Orc Wizard)          Turns: 4792, Time: 00:10:10

Health: -4/57      AC:  8    Str:  9 (12) XL:     6   Next: 50%
Magic:  9/9        EV:  3    Int: 17 (18) God:
Gold:   133        SH:  0    Dex:  8 (9)  Spells: 6/9 levels left

rFire    . . .     SeeInvis .   b - +2 dagger (venom)
rCold    . . .     Gourm    .   (no shield)
rNeg     . . .     Faith    .   S - +0 chain mail (curse)
rPois    .         Spirit   .   v - +0 hat
rElec    .         Reflect  .   (no cloak)
rCorr    .         Harm     .   (no gloves)
MR       .....                  (no boots)
Stlth    ..........             (no amulet)
HPRegen  0.19/turn              (no ring)
MPRegen  0.11/turn              (no ring)

@: no status effects
A: no striking features
a: no special abilities


You were on level 3 of the Dungeon.
You were not hungry.

You visited 1 branch of the dungeon, and saw 4 of its levels.

You collected 133 gold pieces.

Inventory:

Hand Weapons
 a - a +0 hand axe
 b - a +2 dagger of venom (weapon)
Armour
 m - a +0 robe
 v - a +0 hat (worn)
 S - a cursed +0 chain mail (worn)
Wands
 w - a wand of flame (27/48)
Scrolls
 l - a scroll of recharging {unknown}
 r - a scroll of enchant weapon {unknown}
 s - a scroll of amnesia {unknown}
 t - 2 scrolls of fear {unknown}
 R - a scroll of identify
 T - a scroll of magic mapping {unknown}
 W - a scroll of immolation {unknown}
Potions
 k - a potion of resistance
 n - a potion of flight
 q - a potion of degeneration
 x - a potion of cancellation {unknown}
 U - a potion of brilliance {unknown}
Books
 c - a book of Minor Magic

   Spells                             Type                      Level
   a - Magic Dart                     Conjuration                  1
   b - Blink                          Translocation                2
   c - Call Imp                       Summoning                    2
   d - Slow                           Hexes                        2
   e - Conjure Flame                  Conjuration/Fire             3
   f - Mephitic Cloud                 Conjuration/Poison/Air       3
Comestibles
 d - 3 bread rations
 g - 3 fruits
 h - a royal jelly
 z - a meat ration
 V - a chunk of flesh


   Skills:
 + Level 5.7 Fighting
 + Level 5.1 Axes
 - Level 1.5 Dodging
 - Level 1.5 Stealth
 - Level 2.4 Spellcasting
 - Level 1.0 Conjurations
 - Level 1.0 Summonings
   Level 0.7 Translocations


You had 6 spell levels left.
You knew the following spells:

 Your Spells              Type           Power        Failure   Level  Hunger
a - Magic Dart            Conj           #...         100%        1    #......
b - Call Imp              Summ           #.......     100%        2    ##.....


Dungeon Overview and Level Annotations

Branches:
Dungeon (4/15)
 Temple: D:4-7

Altars:
Fedhas
Yredelemnul


Message History

* * * don't die
* * * The iguana bites you!!! * * * don't die
* * * You open the door!
The iguana bites you but does no damage!
There is an open door here!
The iguana bites you! * * * don't die
* * * The iguana looks more healthy!
There is a shaft here!
You see here a stone!
A butt cockroach butts into view!
The giant cockroach waves its antennae!
Okay, then!
It was a potion of degeneration!
There was something very wrong with that liquid!
You feel weakened!
You feel dopey!
You feel clumsy!
The giant butt bites you but does no damage!
The iguana bites you!!! rip

#.# #.###. #.# #.....
##################.##############
.................................
#######################....######
#.......# ########## #.......#
..##.....###########.....###
..........^..(.l@s.......########
.(##)....###[######..##..........
..##.....# #.# ##.#....#######
####.....# #.# #......# #.....#
#)# ##.....# ######### #)#
#....[# ##.....#####.# #.....#
.......'.....# ####.#..##
.......####### #.......########


You could see an iguana and a giant cockroach.

Vanquished Creatures
  2 electric eels (D:3)
  2 orc priests
  2 orc wizards
  A worker ant (D:4)
  2 adders
  An ooze (D:3)
  3 worms
  3 dart slugs
  A leopard gecko (D:1)
  6 orcs
  7 bats
  8 giant cockroaches
  11 goblins
  9 hobgoblins
  5 kobolds
  A ball python (D:2)
  7 frilled lizards
  5 rats
76 creatures vanquished.

Vanquished Creatures (others)
  A plant (D:3)
1 creature vanquished.

Grand Total: 77 creatures vanquished

Notes
Turn   | Place    | Note
-------+----------+-------------------------------------------
     0 | D:1      | Gorglomux the Hill Orc Wizard began the quest for the Orb.
     0 | D:1      | Reached XP level 1. HP: 14/14 MP: 3/3
    28 | D:1      | Reached skill level 1 in Fighting
   238 | D:1      | Reached XP level 2. HP: 18/24 MP: 0/5
   824 | D:1      | Reached skill level 3 in Fighting
   824 | D:1      | Reached XP level 3. HP: 31/31 MP: 2/6
  1944 | D:2      | Reached skill level 1 in Axes
  2017 | D:2      | Found a blossoming altar of Fedhas.
  2544 | D:2      | Reached XP level 4. HP: 36/39 MP: 1/7
  2716 | D:3      | Found a transporter.
  2745 | D:3      | Found a transporter.
  3092 | D:3      | Learned a level 2 spell: Call Imp
  3368 | D:3      | Reached skill level 3 in Axes
  3372 | D:3      | Reached XP level 5. HP: 34/47 MP: 8/8
  4112 | D:3      | Reached XP level 6. HP: 53/56 MP: 9/9
  4311 | D:2      | Found a basalt altar of Yredelemnul.
  4792 | D:3      | Slain by an iguana

Vault maps used:
D:1:      saegor_arrival_simple_c, serial_glass, glass_columns_b,
          glass_columns_a
D:2:      lemuel_upstairs_altar, fedhas_altar_2
D:3:      gammafunk_steamed_eel
D:4:      serial_glass, glass_columns_b, glass_columns_c, first_bread,
          minmay_misc_feat_square, grunt_ministairs_3, trog_butcher_becter

Skill      XL: |  1  2  3  4  5  6 |
---------------+-------------------+-----
Fighting       | 2 3 4 5 |  5.7
Axes           | 2 3 4 5 |  5.1
Dodging        | |  1.5
Stealth        | |  1.5
Spellcasting   | |  2.4
Conjurations   | |  1.0
Summonings     | |  1.0
Translocations | |  0.7

Action                   |  1- 3 |  4- 6 || total
-------------------------+-------+-------++-------
Melee: Unarmed           |    15 |       ||    15
       Club              |    13 |       ||    13
       Hand axe          |    67 |     7 ||    74
       Dagger            |       |   114 ||   114
 Cast: Magic Dart        |    78 |    14 ||    92
       Call Imp          |       |     3 ||     3
Evoke: Wand              |       |     4 ||     4
  Use: Potion            |       |     2 ||     2
       Scroll            |       |     2 ||     2
 Stab: Sleeping          |     1 |       ||     1
  Eat: Chunk             |     6 |     7 ||    13
Armor: Robe              |    22 |     6 ||    28
       Chain mail        |       |    40 ||    40
Dodge: Dodged            |    70 |    51 ||   121
